[ AOE2 MATCH · #468570183 ]
UnrankedBerbers vs Vikings
[ REPLAY ANALYSIS · EXTRACTED FROM THE RECORDED GAME ]
Feudal
11:52
Castle
16:39
Imperial
30:09
| APM avg | 49.6 |
| APM peak | 126 |
| eAPM avg | 29.1 |
| Villagers / military | 149 / 192 |
Focus
⚔️ 42.6% · 🌾 57.4%
Camel Archer ×150 · Trade Cart ×76 · Fishing Ship ×56 · Bombard Cannon ×22 · Mangonel ×20 · Unknown (2626) ×3
Feudal
11:58
Castle
16:11
Imperial
31:23
| APM avg | 29.0 |
| APM peak | 65 |
| eAPM avg | 19.1 |
| Villagers / military | 104 / 279 |
Focus
⚔️ 31.8% · 🌾 68.2%
Militia ×127 · Spearman ×108 · Fishing Ship ×46 · Mangonel ×28 · Trade Cart ×13 · Trebuchet (Packed) ×10
Feudal
11:13
Castle
17:23
Imperial
32:51
| APM avg | 31.1 |
| APM peak | 87 |
| eAPM avg | 21.6 |
| Villagers / military | 108 / 195 |
Focus
⚔️ 31.1% · 🌾 68.9%
War Elephant ×190 · Fishing Ship ×72 · Unknown (2626) ×4 · Trade Cart ×2 · Demolition Raft ×2 · Galley ×1
Feudal
15:06
Castle
19:33
Imperial
35:36
| APM avg | 48.8 |
| APM peak | 123 |
| eAPM avg | 26.4 |
| Villagers / military | 126 / 11 |
Focus
⚔️ 31.7% · 🌾 68.3%
Unknown (1944) ×152 · Trade Cart ×64 · Fishing Ship ×41 · Mangonel ×11
Feudal
12:47
Castle
18:49
Imperial
34:12
| APM avg | 34.4 |
| APM peak | 86 |
| eAPM avg | 23.8 |
| Villagers / military | 160 / 27 |
Focus
⚔️ 20.4% · 🌾 79.6%
Unknown (1911) ×136 · Trade Cart ×50 · Fishing Ship ×37 · Bombard Cannon ×20 · Iron Pagoda ×6 · Unknown (2626) ×3
Feudal
13:34
Castle
19:18
Imperial
33:04
| APM avg | 39.1 |
| APM peak | 162 |
| eAPM avg | 20.8 |
| Villagers / military | 108 / 244 |
Focus
⚔️ 27.1% · 🌾 72.9%
Eagle Scout ×145 · Plumed Archer ×85 · Fishing Ship ×55 · Trade Cart ×35 · Trebuchet (Packed) ×11 · Monk ×1
Feudal
11:37
Castle
15:12
Imperial
26:55
| APM avg | 42.7 |
| APM peak | 85 |
| eAPM avg | 23.1 |
| Villagers / military | 98 / 279 |
Focus
⚔️ 42.8% · 🌾 57.2%
Rattan Archer ×116 · Spearman ×88 · Trade Cart ×44 · Fishing Ship ×44 · Fire Lancer ×42 · Petard ×15
Feudal
12:57
Castle
17:39
Imperial
30:21
| APM avg | 29.8 |
| APM peak | 83 |
| eAPM avg | 20.3 |
| Villagers / military | 141 / 277 |
Focus
⚔️ 28.2% · 🌾 71.8%
Spearman ×246 · Militia ×23 · Trebuchet (Packed) ×7 · Fishing Ship ×4 · Scout Cavalry ×1
Match map
Initial resources + every placement click. Lines = walls · curves = elevation contours. ◆ gold · ⬟ stone · ● berries · ✦ relic · ◌ wall gap
Inputs per minute
— comastar - - Kevin FoJ
Build order — comastar
First 150 of 621 actions detected
| 0:01 | Create | Villager (Male) |
| 0:01 | Create | Villager (Male) |
| 0:02 | Build | House |
| 0:03 | Build | House |
| 0:08 | Create | Villager (Male) |
| 0:16 | Create | Villager (Male) |
| 0:16 | Create | Villager (Male) |
| 1:24 | Create | Villager (Male) |
| 1:25 | Create | Villager (Male) |
| 1:44 | Build | Lumber Camp |
| 1:57 | Create | Villager (Male) |
| 1:57 | Create | Villager (Male) |
| 2:20 | Create | Villager (Male) |
| 2:21 | Create | Villager (Male) |
| 2:43 | Create | Villager (Male) |
| 3:05 | Create | Villager (Male) |
| 3:05 | Create | Villager (Male) |
| 3:41 | Create | Villager (Male) |
| 3:42 | Create | Villager (Male) |
| 3:56 | Build | House |
| 4:02 | Create | Villager (Male) |
| 4:31 | Create | Villager (Male) |
| 4:32 | Create | Villager (Male) |
| 4:36 | Build | Dock |
| 4:58 | Create | Villager (Male) |
| 4:58 | Create | Villager (Male) |
| 5:16 | Create | Villager (Male) |
| 5:28 | Create | Villager (Male) |
| 5:58 | Create | Fishing Ship |
| 5:58 | Create | Fishing Ship |
| 6:00 | Create | Villager (Male) |
| 6:19 | Build | House |
| 6:22 | Research | Loom |
| 6:22 | Research | Loom |
| 6:34 | Create | Villager (Male) |
| 7:00 | Create | Villager (Male) |
| 7:12 | Build | House |
| 7:13 | Create | Fishing Ship |
| 7:14 | Create | Villager (Male) |
| 7:41 | Create | Villager (Male) |
| 7:48 | Build | Lumber Camp |
| 7:59 | Create | Villager (Male) |
| 8:24 | Create | Fishing Ship |
| 8:33 | Build | Mill |
| 8:52 | Create | Villager (Male) |
| 8:57 | Create | Fishing Ship |
| 8:57 | Create | Villager (Male) |
| 9:16 | Create | Fishing Ship |
| 9:40 | Research | Feudal Age |
| 9:42 | Build | House |
| 10:17 | Create | Fishing Ship |
| 10:25 | Build | House |
| 10:26 | Build | House |
| 10:35 | Build | Palisade Wall |
| 10:43 | Create | Villager (Male) |
| 10:43 | Create | Villager (Male) |
| 11:11 | Build | Farm |
| 11:12 | Build | Farm |
| 11:23 | Build | Mining Camp |
| 11:52 | Age | Feudal Age |
| 11:58 | Build | Market |
| 12:01 | Build | Blacksmith |
| 12:52 | Create | Villager (Male) |
| 12:57 | Create | Fishing Ship |
| 13:13 | Build | Palisade Wall |
| 13:16 | Build | Palisade Wall |
| 13:52 | Create | Unit 2626 |
| 13:52 | Create | Unit 2626 |
| 13:52 | Create | Unit 2626 |
| 13:59 | Research | Castle Age |
| 14:00 | Research | Castle Age |
| 14:31 | Research | Double-Bit Axe |
| 15:08 | Research | Horse Collar |
| 15:08 | Research | Horse Collar |
| 15:31 | Create | Villager (Male) |
| 15:44 | Create | Villager (Male) |
| 16:11 | Build | Fish Trap |
| 16:12 | Build | Fish Trap |
| 16:12 | Build | Fish Trap |
| 16:14 | Research | Tech 906 |
| 16:33 | Create | Villager (Male) |
| 16:39 | Age | Castle Age |
| 16:41 | Build | Town Center |
| 16:44 | Build | Town Center |
| 16:48 | Create | Fishing Ship |
| 17:23 | Create | Villager (Male) |
| 17:24 | Build | Fish Trap |
| 17:31 | Build | Dock |
| 17:37 | Build | Fish Trap |
| 17:42 | Create | Fishing Ship |
| 17:51 | Create | Villager (Male) |
| 17:51 | Create | Villager (Male) |
| 17:56 | Build | Fish Trap |
| 17:57 | Create | Villager (Male) |
| 18:05 | Create | Villager (Male) |
| 18:05 | Create | Villager (Male) |
| 18:14 | Build | House |
| 18:16 | Create | Fishing Ship |
| 18:29 | Create | Villager (Male) |
| 18:35 | Build | Dock |
| 18:39 | Build | House |
| 18:40 | Create | Villager (Male) |
| 18:40 | Create | Villager (Male) |
| 18:41 | Create | Villager (Male) |
| 18:42 | Create | Fishing Ship |
| 18:48 | Build | Fish Trap |
| 18:55 | Build | Fish Trap |
| 18:56 | Create | Villager (Male) |
| 19:02 | Build | Fish Trap |
| 19:07 | Create | Villager (Male) |
| 19:08 | Create | Villager (Male) |
| 19:11 | Create | Villager (Male) |
| 19:19 | Build | Dock |
| 19:21 | Create | Fishing Ship |
| 19:22 | Create | Villager (Male) |
| 19:22 | Create | Villager (Male) |
| 19:23 | Create | Villager (Male) |
| 19:31 | Build | Fish Trap |
| 19:33 | Build | House |
| 19:35 | Create | Fishing Ship |
| 19:35 | Create | Fishing Ship |
| 19:41 | Build | House |
| 19:42 | Create | Villager (Male) |
| 19:42 | Create | Villager (Male) |
| 19:49 | Create | Villager (Male) |
| 19:50 | Create | Villager (Male) |
| 19:50 | Create | Villager (Male) |
| 19:51 | Create | Fishing Ship |
| 19:51 | Create | Fishing Ship |
| 19:59 | Build | House |
| 20:12 | Build | House |
| 20:14 | Build | Fish Trap |
| 20:14 | Create | Fishing Ship |
| 20:14 | Create | Fishing Ship |
| 20:19 | Create | Villager (Male) |
| 20:19 | Create | Villager (Male) |
| 20:20 | Create | Villager (Male) |
| 20:22 | Build | Fish Trap |
| 20:24 | Create | Fishing Ship |
| 20:24 | Create | Fishing Ship |
| 20:32 | Build | House |
| 20:37 | Create | Villager (Male) |
| 20:37 | Create | Villager (Male) |
| 20:41 | Create | Fishing Ship |
| 20:41 | Create | Fishing Ship |
| 20:47 | Build | Fish Trap |
| 20:54 | Create | Villager (Male) |
| 20:54 | Create | Villager (Male) |
| 20:54 | Create | Villager (Male) |
| 20:55 | Create | Villager (Male) |
Build order — Kevin FoJ
First 150 of 408 actions detected
| 0:00 | Create | Villager (Male) |
| 0:00 | Create | Villager (Male) |
| 0:01 | Create | Villager (Male) |
| 0:01 | Create | Villager (Male) |
| 0:02 | Build | House |
| 0:04 | Build | House |
| 1:30 | Create | Villager (Male) |
| 2:00 | Create | Villager (Male) |
| 2:16 | Create | Villager (Male) |
| 2:51 | Build | Lumber Camp |
| 3:13 | Create | Villager (Male) |
| 3:13 | Create | Villager (Male) |
| 3:40 | Create | Villager (Male) |
| 3:44 | Build | House |
| 4:04 | Create | Villager (Male) |
| 4:49 | Build | Dock |
| 4:52 | Build | House |
| 5:02 | Create | Villager (Male) |
| 5:38 | Create | Villager (Male) |
| 5:38 | Create | Villager (Male) |
| 5:43 | Research | Loom |
| 6:12 | Create | Villager (Male) |
| 6:13 | Create | Villager (Male) |
| 6:13 | Create | Villager (Male) |
| 6:19 | Build | Palisade Wall |
| 6:26 | Create | Villager (Male) |
| 6:27 | Create | Villager (Male) |
| 6:29 | Create | Fishing Ship |
| 6:29 | Create | Fishing Ship |
| 6:37 | Build | House |
| 6:38 | Build | House |
| 6:53 | Create | Villager (Male) |
| 6:53 | Create | Villager (Male) |
| 6:53 | Create | Villager (Male) |
| 7:13 | Create | Fishing Ship |
| 7:29 | Build | Palisade Wall |
| 7:37 | Build | Palisade Wall |
| 7:44 | Build | Palisade Wall |
| 7:48 | Build | Palisade Wall |
| 8:01 | Build | Palisade Wall |
| 8:10 | Build | Palisade Wall |
| 8:17 | Create | Fishing Ship |
| 8:42 | Create | Villager (Male) |
| 8:44 | Create | Villager (Male) |
| 8:47 | Create | Fishing Ship |
| 9:25 | Create | Villager (Male) |
| 9:31 | Create | Fishing Ship |
| 9:48 | Research | Feudal Age |
| 10:02 | Build | Lumber Camp |
| 10:35 | Build | Mining Camp |
| 11:03 | Build | Mill |
| 11:58 | Age | Feudal Age |
| 12:11 | Build | Market |
| 12:15 | Create | Villager (Male) |
| 12:33 | Build | Blacksmith |
| 12:41 | Create | Villager (Male) |
| 12:42 | Create | Villager (Male) |
| 13:14 | Research | Castle Age |
| 14:02 | Create | Fishing Ship |
| 14:25 | Research | Tech 906 |
| 14:37 | Research | Double-Bit Axe |
| 15:43 | Build | Fish Trap |
| 15:51 | Build | House |
| 15:56 | Build | Fish Trap |
| 16:11 | Age | Castle Age |
| 16:14 | Build | Town Center |
| 16:28 | Build | Siege Workshop |
| 16:32 | Build | House |
| 16:33 | Build | House |
| 16:35 | Create | Villager (Male) |
| 16:35 | Create | Villager (Male) |
| 16:35 | Create | Villager (Male) |
| 16:38 | Build | Fish Trap |
| 16:40 | Build | Fish Trap |
| 16:49 | Build | Town Center |
| 17:01 | Research | Bow Saw |
| 17:20 | Create | Mangonel |
| 17:36 | Create | Villager (Male) |
| 17:36 | Create | Villager (Male) |
| 17:48 | Create | Villager (Male) |
| 17:50 | Create | Fishing Ship |
| 18:02 | Build | Fish Trap |
| 18:14 | Create | Mangonel |
| 18:44 | Create | Mangonel |
| 19:02 | Create | Villager (Male) |
| 19:02 | Create | Villager (Male) |
| 19:02 | Create | Villager (Male) |
| 19:12 | Create | Mangonel |
| 19:14 | Create | Villager (Male) |
| 19:16 | Create | Fishing Ship |
| 19:22 | Build | Dock |
| 19:46 | Create | Mangonel |
| 19:48 | Create | Villager (Male) |
| 20:00 | Create | Villager (Male) |
| 20:02 | Create | Fishing Ship |
| 20:02 | Create | Fishing Ship |
| 20:06 | Build | Fish Trap |
| 20:11 | Build | Dock |
| 20:32 | Create | Mangonel |
| 20:35 | Create | Villager (Male) |
| 20:35 | Create | Villager (Male) |
| 20:35 | Create | Villager (Male) |
| 20:49 | Build | Fish Trap |
| 20:51 | Build | House |
| 20:52 | Build | House |
| 20:54 | Build | Fish Trap |
| 20:55 | Build | Fish Trap |
| 21:03 | Create | Mangonel |
| 21:31 | Create | Villager (Male) |
| 21:32 | Create | Villager (Male) |
| 21:32 | Create | Villager (Male) |
| 22:01 | Create | Mangonel |
| 22:02 | Create | Villager (Male) |
| 22:03 | Create | Villager (Male) |
| 22:11 | Create | Mangonel |
| 22:20 | Create | Fishing Ship |
| 22:20 | Create | Fishing Ship |
| 22:21 | Create | Fishing Ship |
| 22:34 | Create | Villager (Male) |
| 22:34 | Create | Villager (Male) |
| 22:35 | Create | Fishing Ship |
| 22:36 | Create | Fishing Ship |
| 22:36 | Create | Fishing Ship |
| 22:39 | Build | House |
| 22:40 | Create | Fishing Ship |
| 22:45 | Build | Dock |
| 23:18 | Create | Mangonel |
| 23:35 | Create | Fishing Ship |
| 23:35 | Create | Fishing Ship |
| 23:36 | Create | Fishing Ship |
| 23:36 | Create | Fishing Ship |
| 23:52 | Create | Villager (Male) |
| 23:52 | Create | Villager (Male) |
| 23:53 | Create | Mangonel |
| 23:54 | Create | Villager (Male) |
| 23:54 | Create | Villager (Male) |
| 23:54 | Create | Villager (Male) |
| 23:55 | Create | Villager (Male) |
| 23:55 | Create | Fishing Ship |
| 23:56 | Create | Fishing Ship |
| 23:56 | Create | Fishing Ship |
| 23:59 | Build | Fish Trap |
| 24:01 | Build | Fish Trap |
| 24:03 | Build | Dock |
| 24:06 | Build | Fish Trap |
| 24:08 | Build | Fish Trap |
| 24:11 | Build | Fish Trap |
| 24:38 | Build | House |
| 24:42 | Build | House |
| 24:43 | Build | House |
Build order — Mununez
First 150 of 483 actions detected
| 0:01 | Create | Villager (Male) |
| 0:01 | Create | Villager (Male) |
| 0:03 | Build | House |
| 0:04 | Build | House |
| 0:13 | Build | Palisade Wall |
| 0:18 | Create | Villager (Male) |
| 0:18 | Create | Villager (Male) |
| 0:18 | Create | Villager (Male) |
| 1:30 | Create | Villager (Male) |
| 2:17 | Create | Villager (Male) |
| 2:43 | Create | Villager (Male) |
| 2:53 | Build | Palisade Wall |
| 2:57 | Build | Lumber Camp |
| 3:04 | Create | Villager (Male) |
| 3:15 | Create | Villager (Male) |
| 3:33 | Build | Palisade Wall |
| 3:35 | Build | Palisade Wall |
| 3:35 | Build | Palisade Wall |
| 3:36 | Build | Palisade Wall |
| 3:37 | Build | Palisade Wall |
| 3:50 | Create | Villager (Male) |
| 4:03 | Create | Villager (Male) |
| 4:16 | Build | House |
| 4:24 | Build | Palisade Wall |
| 4:38 | Create | Villager (Male) |
| 5:07 | Create | Villager (Male) |
| 5:16 | Build | Dock |
| 5:20 | Build | Dock |
| 5:27 | Create | Villager (Male) |
| 5:47 | Build | House |
| 5:52 | Create | Villager (Male) |
| 5:53 | Create | Villager (Male) |
| 6:00 | Create | Fishing Ship |
| 6:22 | Create | Fishing Ship |
| 6:25 | Create | Villager (Male) |
| 6:25 | Create | Villager (Male) |
| 6:28 | Build | House |
| 7:05 | Create | Fishing Ship |
| 7:15 | Build | Palisade Wall |
| 7:19 | Create | Villager (Male) |
| 7:19 | Create | Villager (Male) |
| 7:21 | Build | Palisade Wall |
| 7:34 | Build | Palisade Wall |
| 7:53 | Build | Palisade Wall |
| 7:56 | Create | Villager (Male) |
| 7:58 | Create | Fishing Ship |
| 8:20 | Build | Mill |
| 8:28 | Build | House |
| 8:46 | Research | Loom |
| 9:04 | Research | Feudal Age |
| 9:06 | Build | Mining Camp |
| 9:26 | Build | Palisade Wall |
| 9:26 | Build | Palisade Wall |
| 9:57 | Build | Dock |
| 10:04 | Build | Palisade Wall |
| 10:05 | Build | Palisade Wall |
| 10:07 | Build | Palisade Wall |
| 10:38 | Create | Villager (Male) |
| 11:13 | Age | Feudal Age |
| 11:14 | Build | House |
| 11:17 | Build | House |
| 11:20 | Build | House |
| 11:22 | Create | Villager (Male) |
| 11:31 | Build | Market |
| 11:34 | Create | Unit 2626 |
| 11:38 | Build | Palisade Gate |
| 11:42 | Build | Palisade Gate |
| 11:47 | Build | House |
| 11:53 | Build | Market |
| 11:59 | Build | Palisade Gate |
| 12:01 | Build | Palisade Gate |
| 12:10 | Create | Villager (Male) |
| 12:10 | Create | Villager (Male) |
| 12:13 | Build | Palisade Wall |
| 12:19 | Build | Palisade Wall |
| 12:20 | Build | Palisade Wall |
| 12:27 | Build | Palisade Wall |
| 12:28 | Build | Palisade Wall |
| 12:33 | Build | Palisade Wall |
| 12:35 | Build | Palisade Wall |
| 12:35 | Build | Palisade Wall |
| 12:42 | Research | Town Watch |
| 12:44 | Build | House |
| 12:48 | Build | Stone Wall |
| 12:51 | Create | Fishing Ship |
| 12:58 | Create | Villager (Male) |
| 12:59 | Build | House |
| 13:09 | Build | Palisade Gate |
| 13:14 | Build | Palisade Gate |
| 13:24 | Build | House |
| 13:33 | Build | Blacksmith |
| 13:44 | Create | Villager (Male) |
| 14:00 | Build | Stone Wall |
| 14:07 | Create | Villager (Male) |
| 14:17 | Create | Galley |
| 14:28 | Build | Palisade Wall |
| 14:48 | Build | House |
| 14:58 | Research | Castle Age |
| 15:11 | Create | Demolition Raft |
| 15:17 | Research | Double-Bit Axe |
| 15:25 | Build | House |
| 16:19 | Create | Villager (Male) |
| 16:31 | Create | Unit 2626 |
| 16:40 | Create | Fishing Ship |
| 16:43 | Build | House |
| 16:52 | Create | Villager (Male) |
| 17:05 | Build | Palisade Wall |
| 17:14 | Create | Villager (Male) |
| 17:17 | Build | Palisade Wall |
| 17:19 | Build | Palisade Wall |
| 17:22 | Build | Palisade Wall |
| 17:23 | Age | Castle Age |
| 17:29 | Build | Palisade Wall |
| 17:33 | Research | Tech 906 |
| 17:41 | Create | Villager (Male) |
| 18:03 | Build | Town Center |
| 18:17 | Create | Unit 2626 |
| 18:30 | Create | Villager (Male) |
| 18:43 | Research | Tech 906 |
| 18:46 | Build | Fish Trap |
| 18:49 | Build | Fish Trap |
| 18:54 | Build | Town Center |
| 19:04 | Build | Fish Trap |
| 19:09 | Build | Fish Trap |
| 19:10 | Create | Villager (Male) |
| 19:10 | Create | Villager (Male) |
| 19:13 | Build | Fish Trap |
| 19:31 | Create | Villager (Male) |
| 19:32 | Create | Villager (Male) |
| 19:54 | Create | Villager (Male) |
| 19:54 | Create | Villager (Male) |
| 20:00 | Create | Demolition Raft |
| 20:09 | Build | Dock |
| 20:14 | Research | Gillnets |
| 20:16 | Create | Fishing Ship |
| 20:18 | Create | Villager (Male) ×2 |
| 20:21 | Create | Villager (Male) |
| 20:22 | Create | Villager (Male) |
| 20:22 | Create | Villager (Male) |
| 20:23 | Create | Villager (Male) |
| 20:43 | Create | Villager (Male) |
| 20:51 | Build | Fish Trap |
| 20:55 | Build | Fish Trap |
| 20:56 | Create | Fishing Ship |
| 21:05 | Create | Unit 2626 |
| 21:17 | Create | Villager (Male) |
| 21:17 | Create | Villager (Male) |
| 21:18 | Create | Villager (Male) |
| 21:18 | Create | Villager (Male) |
| 21:28 | Build | Dock |
Build order — Grinchy
First 150 of 488 actions detected
| 0:00 | Create | Villager (Male) |
| 0:01 | Create | Villager (Male) |
| 0:02 | Build | House |
| 0:03 | Build | House |
| 0:16 | Create | Villager (Male) |
| 0:21 | Research | Loom |
| 0:21 | Create | Villager (Male) |
| 0:21 | Create | Villager (Male) |
| 0:22 | Create | Villager (Male) |
| 1:19 | Build | Palisade Wall |
| 2:00 | Create | Villager (Male) |
| 2:32 | Create | Villager (Male) |
| 3:06 | Build | Palisade Wall |
| 3:06 | Build | Palisade Wall |
| 3:14 | Create | Villager (Male) |
| 3:39 | Create | Villager (Male) |
| 4:01 | Build | Palisade Wall |
| 4:01 | Build | Palisade Wall |
| 4:07 | Create | Villager (Male) |
| 4:49 | Create | Villager (Male) |
| 5:14 | Build | Palisade Wall |
| 5:16 | Build | Palisade Wall |
| 5:18 | Build | Palisade Wall |
| 5:20 | Build | Palisade Wall |
| 5:23 | Build | Palisade Wall |
| 5:26 | Build | Palisade Wall |
| 5:37 | Build | House |
| 5:47 | Build | Palisade Wall |
| 5:48 | Build | Palisade Wall |
| 5:49 | Build | Palisade Wall |
| 5:53 | Create | Villager (Male) |
| 5:54 | Create | Villager (Male) |
| 6:08 | Build | Palisade Wall |
| 6:11 | Build | Palisade Wall |
| 6:27 | Create | Villager (Male) |
| 6:27 | Create | Villager (Male) |
| 7:03 | Build | Palisade Wall |
| 7:04 | Build | Palisade Wall |
| 7:11 | Build | House |
| 8:06 | Build | Lumber Camp |
| 8:12 | Create | Villager (Male) |
| 8:29 | Create | Villager (Male) |
| 8:46 | Build | Palisade Wall |
| 8:55 | Create | Villager (Male) |
| 8:59 | Build | Palisade Wall |
| 9:06 | Build | Palisade Wall |
| 9:20 | Create | Villager (Male) |
| 9:36 | Build | Lumber Camp |
| 9:54 | Create | Villager (Male) |
| 9:59 | Build | House |
| 10:12 | Create | Villager (Male) |
| 10:49 | Build | Dock |
| 10:55 | Build | Dock |
| 11:02 | Create | Villager (Male) |
| 11:02 | Create | Villager (Male) |
| 11:03 | Create | Villager (Male) |
| 11:08 | Create | Villager (Male) |
| 11:24 | Build | House |
| 11:37 | Create | Fishing Ship |
| 11:56 | Build | House |
| 12:11 | Create | Fishing Ship |
| 12:38 | Build | Mining Camp |
| 12:40 | Research | Feudal Age |
| 13:45 | Create | Fishing Ship |
| 15:06 | Age | Feudal Age |
| 15:09 | Build | Stone Wall |
| 15:14 | Build | Stone Wall |
| 15:15 | Build | Stone Wall |
| 15:18 | Create | Villager (Male) |
| 15:19 | Create | Villager (Male) |
| 15:27 | Build | Mill |
| 15:38 | Build | Outpost |
| 15:43 | Create | Fishing Ship |
| 15:44 | Create | Fishing Ship |
| 15:50 | Build | Blacksmith |
| 16:05 | Build | Market |
| 16:13 | Create | Villager (Male) |
| 16:20 | Create | Fishing Ship |
| 16:53 | Research | Castle Age |
| 16:55 | Build | House |
| 16:56 | Build | House |
| 17:06 | Create | Fishing Ship |
| 17:40 | Research | Double-Bit Axe |
| 17:49 | Create | Fishing Ship |
| 17:53 | Build | Fish Trap |
| 17:54 | Build | Fish Trap |
| 17:57 | Build | Fish Trap |
| 17:59 | Build | Fish Trap |
| 18:14 | Research | Tech 906 |
| 19:02 | Create | Villager (Male) |
| 19:13 | Build | Stone Wall |
| 19:24 | Build | Stone Wall |
| 19:33 | Age | Castle Age |
| 19:36 | Build | Siege Workshop |
| 19:41 | Create | Villager (Male) |
| 19:42 | Research | Gillnets |
| 19:44 | Research | Bow Saw |
| 19:59 | Create | Villager (Male) |
| 20:01 | Create | Mangonel |
| 20:07 | Build | Outpost |
| 20:08 | Build | Outpost |
| 20:16 | Research | Town Watch |
| 20:20 | Create | Fishing Ship |
| 20:35 | Create | Villager (Male) |
| 20:37 | Create | Mangonel |
| 21:13 | Create | Villager (Male) |
| 21:13 | Create | Villager (Male) |
| 21:14 | Create | Villager (Male) |
| 21:16 | Build | House |
| 21:17 | Build | House |
| 21:17 | Build | House |
| 21:17 | Build | House |
| 21:20 | Build | House |
| 21:28 | Create | Mangonel |
| 21:29 | Build | House |
| 22:00 | Create | Villager (Male) |
| 22:00 | Create | Villager (Male) |
| 22:03 | Build | House |
| 22:11 | Create | Villager (Male) |
| 22:11 | Create | Villager (Male) |
| 22:36 | Create | Villager (Male) |
| 22:37 | Create | Villager (Male) |
| 22:41 | Create | Fishing Ship |
| 22:41 | Create | Fishing Ship |
| 22:42 | Create | Fishing Ship |
| 22:44 | Create | Mangonel |
| 23:13 | Build | Stone Wall |
| 23:20 | Create | Villager (Male) |
| 23:21 | Create | Villager (Male) |
| 23:35 | Create | Mangonel |
| 23:52 | Create | Villager (Male) |
| 23:52 | Create | Villager (Male) |
| 23:57 | Create | Mangonel |
| 23:58 | Create | Villager (Male) |
| 24:00 | Build | Town Center |
| 24:05 | Build | Fish Trap |
| 24:07 | Build | Fish Trap |
| 24:09 | Build | Fish Trap |
| 24:14 | Build | House |
| 24:17 | Create | Villager (Male) |
| 24:25 | Build | Mining Camp |
| 24:33 | Build | Dock |
| 24:41 | Create | Villager (Male) |
| 24:53 | Build | Fish Trap |
| 24:54 | Create | Fishing Ship |
| 24:58 | Build | Fish Trap |
| 25:05 | Create | Mangonel |
| 25:06 | Create | Villager (Male) |
| 25:06 | Create | Villager (Male) |
| 25:08 | Create | Villager (Male) |
Build order — InGodWeTrust
First 150 of 489 actions detected
| 0:01 | Create | Villager (Male) |
| 0:01 | Create | Villager (Male) |
| 0:02 | Build | House |
| 0:03 | Build | House |
| 0:17 | Create | Villager (Male) |
| 0:18 | Create | Villager (Male) |
| 1:26 | Create | Villager (Male) |
| 1:38 | Create | Villager (Male) |
| 1:38 | Create | Villager (Male) |
| 2:25 | Create | Villager (Male) |
| 2:25 | Create | Villager (Male) |
| 2:26 | Create | Villager (Male) |
| 2:56 | Create | Villager (Male) |
| 3:15 | Build | Lumber Camp |
| 3:22 | Create | Villager (Male) |
| 3:22 | Create | Villager (Male) |
| 3:30 | Create | Villager (Male) |
| 4:00 | Create | Villager (Male) |
| 4:00 | Create | Villager (Male) |
| 4:16 | Create | Villager (Male) |
| 4:16 | Create | Villager (Male) |
| 4:26 | Create | Villager (Male) |
| 4:33 | Build | House |
| 4:59 | Create | Villager (Male) |
| 5:01 | Create | Villager (Male) |
| 5:01 | Create | Villager (Male) |
| 5:19 | Create | Villager (Male) |
| 5:19 | Create | Villager (Male) |
| 5:34 | Create | Villager (Male) |
| 5:54 | Create | Villager (Male) |
| 5:54 | Create | Villager (Male) |
| 6:04 | Build | Dock |
| 6:24 | Build | House |
| 6:25 | Create | Villager (Male) |
| 6:46 | Create | Villager (Male) |
| 6:46 | Create | Villager (Male) |
| 6:57 | Create | Fishing Ship |
| 6:57 | Create | Fishing Ship |
| 6:57 | Create | Fishing Ship |
| 7:13 | Research | Loom |
| 7:14 | Create | Villager (Male) |
| 7:14 | Create | Villager (Male) |
| 7:41 | Build | House |
| 7:43 | Create | Villager (Male) |
| 7:45 | Create | Fishing Ship |
| 8:00 | Build | House |
| 8:33 | Create | Fishing Ship |
| 8:36 | Create | Villager (Male) |
| 8:56 | Build | Mill |
| 8:57 | Create | Villager (Male) |
| 8:57 | Create | Villager (Male) |
| 9:33 | Build | House |
| 9:42 | Build | House |
| 9:44 | Create | Fishing Ship |
| 9:45 | Create | Fishing Ship |
| 9:49 | Create | Villager (Male) |
| 10:37 | Research | Feudal Age |
| 11:15 | Build | House |
| 11:37 | Build | House |
| 11:41 | Build | House |
| 11:47 | Build | House |
| 11:50 | Build | House |
| 12:08 | Create | Villager (Male) |
| 12:25 | Create | Villager (Male) |
| 12:30 | Build | Mining Camp |
| 12:47 | Age | Feudal Age |
| 12:51 | Create | Unit 2626 |
| 12:51 | Create | Unit 2626 |
| 13:01 | Build | Watch Tower |
| 13:04 | Create | Villager (Male) |
| 13:29 | Build | Stone Wall |
| 13:30 | Build | Stone Wall |
| 13:30 | Build | Stone Wall |
| 13:31 | Build | Stone Wall |
| 13:32 | Build | Stone Wall |
| 13:33 | Build | Stone Wall |
| 13:35 | Build | Stone Wall |
| 13:50 | Create | Unit 2626 |
| 14:02 | Build | Market |
| 14:05 | Build | Blacksmith |
| 14:06 | Create | Villager (Male) |
| 14:06 | Create | Villager (Male) |
| 14:56 | Create | Villager (Male) |
| 15:13 | Create | Villager (Male) |
| 15:33 | Create | Villager (Male) |
| 15:38 | Build | House |
| 16:09 | Research | Castle Age |
| 16:10 | Research | Castle Age |
| 16:38 | Create | Villager (Male) |
| 16:42 | Build | Lumber Camp |
| 17:14 | Build | Farm |
| 17:15 | Build | Farm |
| 17:17 | Build | Farm |
| 17:19 | Build | Farm |
| 17:23 | Build | Farm |
| 17:25 | Build | Farm |
| 17:29 | Build | Farm |
| 17:34 | Research | Double-Bit Axe |
| 17:42 | Build | Farm |
| 17:43 | Research | Horse Collar |
| 18:08 | Build | Mining Camp |
| 18:49 | Age | Castle Age |
| 18:53 | Create | Villager (Male) |
| 19:09 | Build | Town Center |
| 19:11 | Create | Villager (Male) |
| 19:15 | Research | Bow Saw |
| 19:31 | Build | House |
| 19:41 | Create | Villager (Male) |
| 20:02 | Build | Town Center |
| 20:09 | Create | Villager (Male) |
| 20:09 | Create | Villager (Male) |
| 20:16 | Create | Villager (Male) |
| 20:16 | Create | Villager (Male) |
| 20:32 | Build | Farm |
| 20:33 | Build | Farm |
| 20:34 | Build | Farm |
| 20:35 | Build | Farm |
| 20:37 | Create | Villager (Male) |
| 20:38 | Create | Villager (Male) |
| 20:42 | Research | Wheelbarrow |
| 20:43 | Create | Villager (Male) |
| 20:43 | Create | Villager (Male) |
| 20:43 | Create | Villager (Male) |
| 20:44 | Create | Villager (Male) |
| 20:50 | Build | Farm |
| 20:54 | Create | Villager (Male) |
| 21:03 | Create | Villager (Male) |
| 21:03 | Create | Villager (Male) |
| 21:04 | Create | Villager (Male) |
| 21:19 | Create | Villager (Male) |
| 21:19 | Create | Villager (Male) |
| 21:26 | Build | Monastery |
| 21:35 | Research | Heavy Plow |
| 21:39 | Create | Villager (Male) |
| 21:39 | Create | Villager (Male) |
| 21:40 | Create | Villager (Male) |
| 21:40 | Create | Villager (Male) |
| 21:45 | Create | Villager (Male) |
| 21:46 | Create | Villager (Male) |
| 21:46 | Create | Villager (Male) |
| 21:52 | Build | Lumber Camp |
| 22:09 | Create | Monk |
| 22:45 | Create | Villager (Male) |
| 22:46 | Create | Villager (Male) |
| 22:46 | Create | Villager (Male) |
| 22:46 | Create | Villager (Male) |
| 22:47 | Create | Villager (Male) |
| 22:49 | Build | Farm |
| 22:54 | Build | Town Center |
| 22:55 | Create | Villager (Male) |
Build order — dinkydinks
First 150 of 437 actions detected
| 0:00 | Create | Villager (Male) ×3 |
| 0:06 | Research | Loom |
| 0:06 | Research | Loom |
| 0:11 | Build | House |
| 0:19 | Create | Villager (Male) |
| 0:20 | Create | Villager (Male) |
| 0:20 | Create | Villager (Male) |
| 1:00 | Build | House |
| 1:42 | Create | Villager (Male) |
| 2:39 | Create | Villager (Male) |
| 3:24 | Create | Villager (Male) |
| 3:24 | Create | Villager (Male) |
| 3:25 | Create | Villager (Male) |
| 3:58 | Build | Palisade Wall |
| 4:10 | Create | Villager (Male) |
| 4:45 | Create | Villager (Male) |
| 4:45 | Create | Villager (Male) |
| 4:45 | Create | Villager (Male) |
| 4:49 | Build | Palisade Wall |
| 4:55 | Build | Palisade Wall |
| 5:15 | Create | Villager (Male) |
| 5:37 | Create | Villager (Male) |
| 6:02 | Build | House |
| 6:49 | Create | Villager (Male) |
| 6:50 | Create | Villager (Male) |
| 7:20 | Build | Palisade Wall |
| 7:23 | Build | Palisade Wall |
| 7:27 | Build | Palisade Wall |
| 7:30 | Build | House |
| 7:37 | Create | Villager (Male) |
| 7:50 | Build | Lumber Camp |
| 7:56 | Build | Palisade Wall |
| 8:05 | Create | Villager (Male) |
| 8:06 | Create | Villager (Male) |
| 8:35 | Create | Villager (Male) |
| 9:24 | Create | Villager (Male) |
| 9:24 | Create | Villager (Male) |
| 9:28 | Build | Mill |
| 9:51 | Create | Villager (Male) |
| 10:26 | Create | Villager (Male) |
| 10:36 | Build | House |
| 11:19 | Build | Dock |
| 11:22 | Create | Villager (Male) |
| 11:24 | Research | Feudal Age |
| 12:02 | Build | Lumber Camp |
| 12:11 | Create | Fishing Ship |
| 12:12 | Build | House |
| 12:20 | Create | Villager (Male) |
| 12:59 | Create | Fishing Ship |
| 13:03 | Build | House |
| 13:18 | Create | Fishing Ship |
| 13:34 | Age | Feudal Age |
| 13:37 | Create | Villager (Male) |
| 13:47 | Research | Double-Bit Axe |
| 14:00 | Create | Villager (Male) |
| 14:09 | Build | Mining Camp |
| 14:16 | Create | Fishing Ship |
| 14:27 | Create | Fishing Ship |
| 14:30 | Build | House |
| 14:38 | Create | Villager (Male) |
| 15:08 | Build | Lumber Camp |
| 15:09 | Create | Villager (Male) |
| 15:17 | Build | Market |
| 15:29 | Build | Stone Wall |
| 15:32 | Build | Stone Wall |
| 15:42 | Create | Villager (Male) |
| 15:42 | Create | Villager (Male) |
| 15:43 | Create | Fishing Ship |
| 15:56 | Build | Blacksmith |
| 16:12 | Create | Villager (Male) |
| 16:15 | Create | Fishing Ship |
| 16:38 | Research | Castle Age |
| 16:48 | Build | Outpost |
| 17:00 | Create | Villager (Male) |
| 17:04 | Create | Fishing Ship |
| 17:15 | Research | Tech 906 |
| 17:21 | Build | House |
| 17:22 | Build | House |
| 17:24 | Create | Villager (Male) |
| 17:51 | Build | House |
| 18:43 | Build | House |
| 18:46 | Build | House |
| 18:47 | Build | House |
| 19:18 | Age | Castle Age |
| 19:20 | Build | Town Center |
| 19:24 | Research | Gillnets |
| 19:27 | Build | Dock |
| 19:45 | Build | Fish Trap |
| 19:49 | Create | Fishing Ship |
| 19:53 | Build | Dock |
| 20:06 | Create | Villager (Male) |
| 20:06 | Create | Villager (Male) |
| 20:25 | Build | Town Center |
| 20:37 | Create | Villager (Male) |
| 20:37 | Create | Villager (Male) |
| 20:40 | Build | Fish Trap |
| 20:44 | Build | Fish Trap |
| 20:47 | Build | Fish Trap |
| 20:53 | Create | Villager (Male) |
| 20:53 | Create | Villager (Male) |
| 21:07 | Research | Bow Saw |
| 21:16 | Build | Fish Trap |
| 21:22 | Create | Villager (Male) |
| 21:26 | Build | Fish Trap |
| 21:27 | Build | Fish Trap |
| 21:28 | Build | Fish Trap |
| 21:31 | Build | Fish Trap |
| 21:33 | Create | Fishing Ship |
| 21:33 | Create | Fishing Ship |
| 21:34 | Create | Fishing Ship |
| 21:40 | Create | Fishing Ship |
| 21:40 | Create | Fishing Ship |
| 21:40 | Create | Fishing Ship |
| 21:49 | Create | Villager (Male) ×2 |
| 22:15 | Create | Fishing Ship |
| 22:15 | Create | Fishing Ship |
| 22:15 | Create | Fishing Ship |
| 22:19 | Build | Fish Trap |
| 22:24 | Create | Villager (Male) |
| 22:25 | Create | Villager (Male) |
| 22:25 | Create | Villager (Male) |
| 22:39 | Build | Fish Trap |
| 22:41 | Build | Fish Trap |
| 22:45 | Build | Dock |
| 23:10 | Build | Outpost |
| 23:19 | Build | Outpost |
| 23:24 | Create | Villager (Male) |
| 23:25 | Create | Villager (Male) |
| 23:25 | Create | Villager (Male) |
| 23:25 | Create | Villager (Male) |
| 23:25 | Create | Villager (Male) |
| 23:25 | Create | Villager (Male) |
| 23:51 | Create | Villager (Male) ×3 |
| 23:54 | Build | Fish Trap |
| 23:55 | Build | Fish Trap |
| 23:57 | Build | Fish Trap |
| 23:58 | Create | Fishing Ship |
| 23:58 | Create | Fishing Ship |
| 23:58 | Create | Fishing Ship |
| 23:59 | Create | Fishing Ship |
| 23:59 | Create | Fishing Ship |
| 24:03 | Build | Fish Trap |
| 24:07 | Build | Dock |
| 24:25 | Create | Villager (Male) ×2 |
| 24:42 | Build | Fish Trap |
| 24:47 | Build | Fish Trap |
| 24:50 | Build | Fish Trap |
| 24:53 | Build | House |
| 24:54 | Build | House |
| 24:56 | Create | Fishing Ship |
Build order — BalvinatoR
First 150 of 435 actions detected
| 0:01 | Create | Villager (Male) |
| 0:02 | Create | Villager (Male) |
| 0:02 | Create | Villager (Male) |
| 0:03 | Build | House |
| 0:04 | Build | House |
| 0:06 | Create | Villager (Male) |
| 0:06 | Create | Villager (Male) |
| 1:23 | Create | Villager (Male) |
| 1:45 | Build | Lumber Camp |
| 2:12 | Create | Villager (Male) |
| 2:15 | Create | Villager (Male) |
| 2:15 | Create | Villager (Male) |
| 2:34 | Create | Villager (Male) |
| 3:09 | Create | Villager (Male) |
| 3:46 | Create | Villager (Male) |
| 3:55 | Build | House |
| 4:05 | Create | Villager (Male) |
| 4:15 | Create | Villager (Male) |
| 4:16 | Create | Villager (Male) |
| 4:29 | Build | Dock |
| 4:43 | Build | Palisade Wall |
| 4:47 | Create | Villager (Male) |
| 4:47 | Create | Villager (Male) |
| 4:56 | Build | Palisade Wall |
| 5:02 | Build | House |
| 5:09 | Create | Villager (Male) |
| 5:16 | Create | Fishing Ship |
| 5:32 | Build | Palisade Wall |
| 5:37 | Build | House |
| 5:38 | Create | Villager (Male) |
| 5:58 | Create | Fishing Ship |
| 6:16 | Create | Villager (Male) |
| 6:26 | Create | Fishing Ship |
| 6:48 | Create | Villager (Male) |
| 7:04 | Create | Fishing Ship |
| 7:07 | Create | Villager (Male) |
| 7:10 | Build | House |
| 7:31 | Create | Villager (Male) |
| 8:10 | Create | Villager (Male) |
| 8:11 | Create | Villager (Male) |
| 8:21 | Create | Fishing Ship |
| 8:34 | Build | Lumber Camp |
| 8:38 | Create | Villager (Male) |
| 8:44 | Create | Fishing Ship |
| 9:21 | Build | Mining Camp |
| 9:27 | Research | Feudal Age |
| 9:27 | Research | Feudal Age |
| 10:10 | Create | Fishing Ship |
| 10:16 | Build | Mill |
| 10:25 | Build | House |
| 11:34 | Create | Villager (Male) |
| 11:34 | Create | Villager (Male) |
| 11:37 | Age | Feudal Age |
| 11:39 | Build | Market |
| 11:41 | Build | Blacksmith |
| 12:32 | Research | Castle Age |
| 13:04 | Research | Double-Bit Axe |
| 13:07 | Create | Fishing Ship |
| 13:51 | Research | Tech 906 |
| 13:56 | Build | Fish Trap |
| 14:00 | Build | Fish Trap |
| 14:05 | Build | Fish Trap |
| 14:07 | Create | Fishing Ship |
| 14:12 | Build | Fish Trap |
| 15:12 | Age | Castle Age |
| 15:16 | Create | Villager (Male) |
| 15:18 | Build | Town Center |
| 15:20 | Build | Town Center |
| 15:24 | Research | Bow Saw |
| 15:27 | Research | Gillnets |
| 15:35 | Create | Villager (Male) |
| 15:48 | Build | Dock |
| 15:51 | Create | Fishing Ship |
| 15:55 | Create | Villager (Male) |
| 15:58 | Build | House |
| 16:03 | Build | House |
| 16:05 | Create | Villager (Male) |
| 16:29 | Create | Fishing Ship |
| 16:30 | Create | Fishing Ship |
| 16:32 | Build | Dock |
| 16:35 | Build | Fish Trap |
| 16:46 | Build | Fish Trap |
| 16:51 | Create | Villager (Male) |
| 16:53 | Create | Villager (Male) |
| 16:56 | Create | Villager (Male) |
| 16:57 | Create | Villager (Male) |
| 17:01 | Create | Villager (Male) ×3 |
| 17:08 | Create | Fishing Ship |
| 17:08 | Create | Fishing Ship |
| 17:15 | Build | Fish Trap |
| 17:19 | Create | Villager (Male) |
| 17:22 | Build | Fish Trap |
| 17:27 | Create | Fishing Ship |
| 17:39 | Build | Palisade Wall |
| 17:40 | Build | Palisade Wall |
| 17:44 | Build | Palisade Wall |
| 17:48 | Build | House |
| 17:53 | Create | Villager (Male) |
| 17:54 | Create | Fishing Ship |
| 17:55 | Create | Fishing Ship |
| 17:57 | Build | Fish Trap |
| 18:00 | Build | Dock |
| 18:06 | Build | Fish Trap |
| 18:13 | Create | Villager (Male) ×3 |
| 18:15 | Build | Fish Trap |
| 18:24 | Build | House |
| 18:25 | Build | House |
| 18:30 | Create | Villager (Male) |
| 18:35 | Build | House |
| 18:38 | Create | Fishing Ship |
| 18:41 | Build | Fish Trap |
| 18:43 | Build | Fish Trap |
| 18:44 | Build | Fish Trap |
| 18:49 | Create | Fishing Ship |
| 18:53 | Create | Villager (Male) |
| 18:57 | Create | Villager (Male) |
| 19:01 | Create | Villager (Male) ×3 |
| 19:03 | Create | Fishing Ship |
| 19:05 | Build | Dock |
| 19:11 | Create | Fishing Ship |
| 19:14 | Create | Fishing Ship ×2 |
| 19:20 | Build | House |
| 19:20 | Build | House |
| 19:21 | Build | House |
| 19:22 | Build | House |
| 19:30 | Create | Villager (Male) ×3 |
| 19:33 | Build | Fish Trap |
| 19:36 | Build | Fish Trap |
| 19:38 | Create | Fishing Ship ×2 |
| 19:47 | Build | Fish Trap |
| 19:50 | Build | Fish Trap |
| 19:58 | Build | Fish Trap |
| 20:03 | Build | House |
| 20:04 | Build | House |
| 20:10 | Create | Villager (Male) ×5 |
| 20:10 | Create | Villager (Male) ×5 |
| 20:13 | Build | Fish Trap |
| 20:15 | Build | Fish Trap |
| 20:17 | Create | Fishing Ship |
| 20:19 | Create | Fishing Ship |
| 20:24 | Build | Fish Trap |
| 20:39 | Build | Mining Camp |
| 20:44 | Create | Fishing Ship |
| 20:45 | Build | Fish Trap |
| 20:46 | Build | Fish Trap |
| 20:57 | Research | Wheelbarrow |
| 20:57 | Create | Villager (Male) ×5 |
| 21:01 | Build | Fish Trap |
| 21:05 | Build | Fish Trap |
| 21:09 | Create | Fishing Ship ×3 |
Build order — Schafzuchter
First 150 of 460 actions detected
| 0:02 | Create | Villager (Male) ×4 |
| 0:04 | Build | House |
| 0:05 | Build | House |
| 0:16 | Research | Loom |
| 0:29 | Create | Villager (Male) |
| 0:29 | Create | Villager (Male) |
| 0:29 | Create | Villager (Male) |
| 0:30 | Create | Villager (Male) |
| 1:29 | Build | Lumber Camp |
| 1:33 | Build | Palisade Wall |
| 1:37 | Build | Palisade Wall |
| 2:04 | Create | Villager (Male) |
| 2:05 | Create | Villager (Male) |
| 2:44 | Create | Villager (Male) |
| 2:44 | Create | Villager (Male) |
| 3:16 | Create | Villager (Male) |
| 3:16 | Create | Villager (Male) |
| 3:43 | Create | Villager (Male) |
| 3:43 | Create | Villager (Male) |
| 4:12 | Create | Villager (Male) |
| 4:40 | Build | House |
| 4:43 | Create | Villager (Male) |
| 5:05 | Create | Villager (Male) |
| 5:21 | Build | Mill |
| 5:26 | Create | Villager (Male) |
| 5:57 | Create | Villager (Male) |
| 6:08 | Build | House |
| 6:21 | Create | Villager (Male) |
| 6:23 | Create | Villager (Male) |
| 6:38 | Build | Dock |
| 7:03 | Create | Villager (Male) |
| 7:25 | Create | Villager (Male) |
| 7:31 | Create | Fishing Ship |
| 7:47 | Build | House |
| 7:55 | Create | Villager (Male) |
| 8:20 | Create | Fishing Ship |
| 8:21 | Create | Villager (Male) |
| 8:31 | Create | Villager (Male) |
| 8:47 | Create | Villager (Male) |
| 8:56 | Create | Fishing Ship |
| 9:21 | Create | Villager (Male) |
| 9:37 | Build | Palisade Wall |
| 9:44 | Create | Villager (Male) |
| 9:47 | Build | House |
| 9:59 | Build | Palisade Wall |
| 9:59 | Create | Villager (Male) |
| 10:21 | Create | Villager (Male) |
| 10:30 | Create | Villager (Male) |
| 10:47 | Research | Feudal Age |
| 10:47 | Research | Feudal Age |
| 11:11 | Create | Fishing Ship |
| 11:15 | Build | House |
| 11:28 | Build | Palisade Wall |
| 11:47 | Build | Palisade Wall |
| 12:15 | Build | Barracks |
| 12:57 | Age | Feudal Age |
| 13:01 | Create | Villager (Male) |
| 13:05 | Build | Stable |
| 13:07 | Build | Blacksmith |
| 13:28 | Create | Villager (Male) |
| 13:36 | Build | Market |
| 13:57 | Build | House |
| 13:57 | Create | Villager (Male) |
| 13:59 | Create | Scout Cavalry |
| 14:34 | Create | Villager (Male) |
| 14:57 | Research | Castle Age |
| 14:57 | Research | Castle Age |
| 15:02 | Build | Mining Camp |
| 15:18 | Build | Lumber Camp |
| 15:54 | Research | Double-Bit Axe |
| 15:54 | Research | Double-Bit Axe |
| 15:56 | Research | Horse Collar |
| 16:04 | Build | Farm |
| 16:25 | Build | Stone Wall |
| 16:26 | Build | Stone Wall |
| 16:28 | Build | Stone Wall |
| 16:29 | Build | Stone Wall |
| 17:39 | Age | Castle Age |
| 17:40 | Build | Town Center |
| 17:41 | Create | Villager (Male) |
| 17:44 | Build | Town Center |
| 17:58 | Build | Stone Wall |
| 18:02 | Create | Villager (Male) |
| 18:05 | Research | Bow Saw |
| 18:08 | Build | Farm |
| 18:18 | Create | Villager (Male) |
| 18:38 | Create | Villager (Male) |
| 18:44 | Build | Farm |
| 18:56 | Create | Villager (Male) |
| 18:58 | Build | Farm |
| 19:03 | Build | Farm |
| 19:04 | Create | Villager (Male) |
| 19:05 | Build | Farm |
| 19:13 | Research | Town Watch |
| 19:14 | Create | Villager (Male) |
| 19:15 | Build | Farm |
| 19:21 | Create | Villager (Male) |
| 19:24 | Build | Farm |
| 19:35 | Build | Farm |
| 19:42 | Build | Farm |
| 19:48 | Create | Villager (Male) |
| 19:51 | Build | Farm |
| 19:57 | Build | Farm |
| 19:59 | Create | Villager (Male) |
| 20:09 | Create | Villager (Male) |
| 20:10 | Create | Villager (Male) |
| 20:13 | Build | Farm |
| 20:16 | Create | Villager (Male) |
| 20:18 | Build | Farm |
| 20:19 | Build | Farm |
| 20:27 | Build | House |
| 20:27 | Create | Villager (Male) |
| 20:40 | Build | Farm |
| 20:41 | Build | Farm |
| 20:43 | Create | Villager (Male) |
| 20:47 | Create | Villager (Male) |
| 20:48 | Build | Farm |
| 20:53 | Create | Villager (Male) |
| 21:08 | Build | Outpost |
| 21:15 | Build | Farm |
| 21:20 | Create | Villager (Male) |
| 21:21 | Create | Villager (Male) |
| 21:24 | Research | Heavy Plow |
| 21:25 | Research | Heavy Plow |
| 21:26 | Create | Villager (Male) |
| 21:32 | Build | House |
| 21:32 | Build | House |
| 21:35 | Create | Villager (Male) |
| 21:42 | Create | Villager (Male) |
| 21:50 | Build | Farm |
| 21:51 | Create | Villager (Male) |
| 21:53 | Build | Farm |
| 21:56 | Create | Villager (Male) |
| 21:57 | Build | Farm |
| 22:00 | Build | Farm |
| 22:01 | Build | Farm |
| 22:03 | Create | Villager (Male) |
| 22:06 | Build | Lumber Camp |
| 22:15 | Build | Fish Trap |
| 22:20 | Create | Villager (Male) |
| 22:22 | Create | Villager (Male) |
| 22:25 | Build | Farm |
| 22:32 | Build | House |
| 22:32 | Build | House |
| 22:36 | Research | Wheelbarrow |
| 22:36 | Research | Wheelbarrow |
| 22:39 | Build | Farm |
| 22:40 | Create | Villager (Male) |
| 22:40 | Create | Villager (Male) |
| 22:47 | Create | Villager (Male) |
Match timeline
| 0:13 | Mununez · wall_segment Palisade Wall x14 |
| 1:19 | Grinchy · wall_segment Palisade Wall x7 |
| 1:33 | Schafzuchter · wall_segment Palisade Wall x7 |
| 1:37 | Schafzuchter · wall_segment Palisade Wall x1 |
| 2:53 | Mununez · wall_segment Palisade Wall x4 |
| 3:06 | Grinchy · wall_segment Palisade Wall x1 |
| 3:06 | Grinchy · wall_segment Palisade Wall x1 |
| 3:33 | Mununez · wall_segment Palisade Wall x1 |
| 3:35 | Mununez · wall_segment Palisade Wall x1 |
| 3:35 | Mununez · wall_segment Palisade Wall x1 |
| 3:36 | Mununez · wall_segment Palisade Wall x1 |
| 3:37 | Mununez · wall_segment Palisade Wall x1 |
| 3:58 | dinkydinks · wall_segment Palisade Wall x1 |
| 4:01 | Grinchy · wall_segment Palisade Wall x1 |
| 4:01 | Grinchy · wall_segment Palisade Wall x1 |
| 4:24 | Mununez · wall_segment Palisade Wall x9 |
| 4:29 | BalvinatoR · first_building Dock |
| 4:36 | comastar · first_building Dock |
| 4:43 | BalvinatoR · wall_segment Palisade Wall x1 |
| 4:49 | Kevin FoJ · first_building Dock |
| 4:49 | dinkydinks · wall_segment Palisade Wall x5 |
| 4:55 | dinkydinks · wall_segment Palisade Wall x1 |
| 4:56 | BalvinatoR · wall_segment Palisade Wall x1 |
| 5:14 | Grinchy · wall_segment Palisade Wall x2 |
| 5:16 | Grinchy · wall_segment Palisade Wall x1 |
| 5:16 | Mununez · first_building Dock |
| 5:18 | Grinchy · wall_segment Palisade Wall x2 |
| 5:20 | Grinchy · wall_segment Palisade Wall x1 |
| 5:23 | Grinchy · wall_segment Palisade Wall x1 |
| 5:26 | Grinchy · wall_segment Palisade Wall x1 |
| 5:32 | BalvinatoR · wall_segment Palisade Wall x1 |
| 5:47 | Grinchy · wall_segment Palisade Wall x1 |
| 5:48 | Grinchy · wall_segment Palisade Wall x1 |
| 5:49 | Grinchy · wall_segment Palisade Wall x1 |
| 6:04 | InGodWeTrust · first_building Dock |
| 6:08 | Grinchy · wall_segment Palisade Wall x1 |
| 6:11 | Grinchy · wall_segment Palisade Wall x1 |
| 6:19 | Kevin FoJ · wall_segment Palisade Wall x1 |
| 6:38 | Schafzuchter · first_building Dock |
| 7:03 | Grinchy · wall_segment Palisade Wall x1 |
| 7:04 | Grinchy · wall_segment Palisade Wall x1 |
| 7:15 | Mununez · wall_segment Palisade Wall x1 |
| 7:20 | dinkydinks · wall_segment Palisade Wall x10 |
| 7:21 | Mununez · wall_segment Palisade Wall x1 |
| 7:23 | dinkydinks · wall_segment Palisade Wall x1 |
| 7:27 | dinkydinks · wall_segment Palisade Wall x5 |
| 7:29 | Kevin FoJ · wall_segment Palisade Wall x1 |
| 7:34 | Mununez · wall_segment Palisade Wall x1 |
| 7:37 | Kevin FoJ · wall_segment Palisade Wall x1 |
| 7:44 | Kevin FoJ · wall_segment Palisade Wall x1 |
| 7:48 | Kevin FoJ · wall_segment Palisade Wall x1 |
| 7:53 | Mununez · wall_segment Palisade Wall x1 |
| 7:56 | dinkydinks · wall_segment Palisade Wall x1 |
| 8:01 | Kevin FoJ · wall_segment Palisade Wall x1 |
| 8:10 | Kevin FoJ · wall_segment Palisade Wall x1 |
| 8:46 | Grinchy · wall_segment Palisade Wall x1 |
| 8:59 | Grinchy · wall_segment Palisade Wall x1 |
| 9:06 | Grinchy · wall_segment Palisade Wall x1 |
| 9:26 | Mununez · wall_segment Palisade Wall x1 |
| 9:26 | Mununez · wall_segment Palisade Wall x1 |
| 9:37 | Schafzuchter · wall_segment Palisade Wall x12 |
| 9:59 | Schafzuchter · wall_segment Palisade Wall x12 |
| 10:04 | Mununez · wall_segment Palisade Wall x1 |
| 10:05 | Mununez · wall_segment Palisade Wall x1 |
| 10:07 | Mununez · wall_segment Palisade Wall x1 |
| 10:35 | comastar · wall_segment Palisade Wall x8 |
| 10:49 | Grinchy · first_building Dock |
| 11:13 | Mununez · age_up feudal |
| 11:19 | dinkydinks · first_building Dock |
| 11:28 | Schafzuchter · wall_segment Palisade Wall x4 |
| 11:37 | BalvinatoR · age_up feudal |
| 11:47 | Schafzuchter · wall_segment Palisade Wall x9 |
| 11:52 | comastar · age_up feudal |
| 11:58 | Kevin FoJ · age_up feudal |
| 12:13 | Mununez · wall_segment Palisade Wall x1 |
| 12:15 | Schafzuchter · first_building Barracks |
| 12:19 | Mununez · wall_segment Palisade Wall x1 |
| 12:20 | Mununez · wall_segment Palisade Wall x1 |
| 12:27 | Mununez · wall_segment Palisade Wall x1 |
| 12:28 | Mununez · wall_segment Palisade Wall x1 |
| 12:33 | Mununez · wall_segment Palisade Wall x1 |
| 12:35 | Mununez · wall_segment Palisade Wall x1 |
| 12:35 | Mununez · wall_segment Palisade Wall x1 |
| 12:47 | InGodWeTrust · age_up feudal |
| 12:48 | Mununez · wall_segment Stone Wall x11 |
| 12:57 | Schafzuchter · age_up feudal |
| 13:05 | Schafzuchter · first_building Stable |
| 13:13 | comastar · wall_segment Palisade Wall x5 |
| 13:16 | comastar · wall_segment Palisade Wall x14 |
| 13:29 | InGodWeTrust · wall_segment Stone Wall x6 |
| 13:30 | InGodWeTrust · wall_segment Stone Wall x1 |
| 13:30 | InGodWeTrust · wall_segment Stone Wall x1 |
| 13:31 | InGodWeTrust · wall_segment Stone Wall x1 |
| 13:32 | InGodWeTrust · wall_segment Stone Wall x1 |
| 13:33 | InGodWeTrust · wall_segment Stone Wall x1 |
| 13:34 | dinkydinks · age_up feudal |
| 13:35 | InGodWeTrust · wall_segment Stone Wall x1 |
| 14:00 | Mununez · wall_segment Stone Wall x12 |
| 14:10 | Mununez · first_market_buy 100 food |
| 14:28 | Mununez · wall_segment Palisade Wall x1 |
| 14:55 | Schafzuchter · first_market_sell 100 food |
| 15:06 | Grinchy · age_up feudal |
| 15:09 | Grinchy · wall_segment Stone Wall x7 |
| 15:12 | BalvinatoR · age_up castle |
| 15:14 | Grinchy · wall_segment Stone Wall x4 |
| 15:15 | Grinchy · wall_segment Stone Wall x1 |
| 15:29 | dinkydinks · wall_segment Stone Wall x11 |
| 15:32 | dinkydinks · wall_segment Stone Wall x6 |
| 16:11 | Kevin FoJ · age_up castle |
| 16:16 | comastar · first_market_buy 100 wood |
| 16:25 | Schafzuchter · wall_segment Stone Wall x7 |
| 16:26 | Schafzuchter · wall_segment Stone Wall x3 |
| 16:28 | Schafzuchter · wall_segment Stone Wall x1 |
| 16:28 | Kevin FoJ · first_building Siege Workshop |
| 16:29 | Schafzuchter · wall_segment Stone Wall x9 |
| 16:39 | comastar · age_up castle |
| 16:55 | Kevin FoJ · first_market_buy 100 wood |
| 17:05 | Mununez · wall_segment Palisade Wall x1 |
| 17:10 | Schafzuchter · first_market_buy 100 stone |
| 17:17 | Mununez · wall_segment Palisade Wall x1 |
| 17:19 | Mununez · wall_segment Palisade Wall x1 |
| 17:22 | Mununez · wall_segment Palisade Wall x1 |
| 17:23 | Mununez · age_up castle |
| 17:29 | Mununez · wall_segment Palisade Wall x1 |
| 17:39 | Schafzuchter · age_up castle |
| 17:39 | BalvinatoR · wall_segment Palisade Wall x1 |
| 17:40 | BalvinatoR · wall_segment Palisade Wall x1 |
| 17:44 | BalvinatoR · wall_segment Palisade Wall x1 |
| 17:58 | Schafzuchter · wall_segment Stone Wall x7 |
| 18:49 | InGodWeTrust · age_up castle |
| 19:05 | InGodWeTrust · first_market_buy 100 stone |
| 19:13 | Grinchy · wall_segment Stone Wall x3 |
| 19:18 | dinkydinks · age_up castle |
| 19:24 | Grinchy · wall_segment Stone Wall x1 |
| 19:33 | Grinchy · age_up castle |
| 19:36 | Grinchy · first_building Siege Workshop |
| 20:19 | dinkydinks · first_market_buy 100 stone |
| 21:26 | InGodWeTrust · first_building Monastery |
| 21:27 | BalvinatoR · first_building Monastery |
| 22:40 | Grinchy · first_market_sell 100 wood |
| 23:13 | Grinchy · wall_segment Stone Wall x1 |
| 23:40 | BalvinatoR · first_market_sell 100 food |
| 24:24 | dinkydinks · first_market_sell 100 wood |
| 24:29 | BalvinatoR · first_building Siege Workshop |
| 25:00 | BalvinatoR · first_building Barracks |
| 25:36 | Grinchy · first_market_buy 100 stone |
| 25:40 | dinkydinks · first_building Monastery |
| 25:44 | BalvinatoR · first_building Castle |
| 25:52 | comastar · first_building Siege Workshop |
| 26:10 | Schafzuchter · first_building Siege Workshop |
| 26:30 | comastar · first_market_sell 100 food |
| 26:55 | BalvinatoR · age_up imperial |
| 27:13 | Schafzuchter · first_building Castle |
| 27:38 | comastar · first_building Barracks |
| 27:38 | Kevin FoJ · first_building Monastery |
| 27:46 | dinkydinks · first_building Barracks |
| 27:48 | Mununez · first_building Castle |
| 28:00 | Kevin FoJ · wall_segment Stone Wall x11 |
| 28:40 | comastar · first_building Castle |
| 29:04 | dinkydinks · wall_segment Stone Wall x10 |
| 29:06 | InGodWeTrust · first_building Castle |
| 29:13 | dinkydinks · first_building Siege Workshop |
| 29:35 | comastar · first_building Archery Range |
| 29:38 | comastar · first_building Stable |
| 29:52 | Schafzuchter · wall_segment Stone Wall x1 |
| 30:09 | comastar · age_up imperial |
| 30:21 | Schafzuchter · age_up imperial |
| 30:47 | InGodWeTrust · first_building Barracks |
| 31:05 | Kevin FoJ · first_building Castle |
| 31:10 | Mununez · wall_segment Stone Wall x1 |
| 31:11 | Mununez · wall_segment Stone Wall x1 |
| 31:15 | Mununez · wall_segment Stone Wall x1 |
| 31:23 | Kevin FoJ · age_up imperial |
| 31:25 | Kevin FoJ · first_building Barracks |
| 31:29 | Mununez · first_building Barracks |
| 31:30 | Grinchy · wall_segment Stone Wall x3 |
| 31:31 | InGodWeTrust · first_building Archery Range |
| 31:42 | Grinchy · wall_segment Stone Wall x1 |
| 31:47 | Grinchy · wall_segment Stone Wall x7 |
| 32:34 | Mununez · first_building Stable |
| 32:51 | Mununez · age_up imperial |
| 32:54 | Grinchy · wall_segment Stone Wall x1 |
| 32:57 | Mununez · first_market_sell 500 wood |
| 33:04 | dinkydinks · age_up imperial |
| 33:12 | Grinchy · first_building Barracks |
| 33:13 | InGodWeTrust · first_building Siege Workshop |
| 33:27 | Kevin FoJ · tribute_sent a jugador 2 |
| 33:27 | Kevin FoJ · tribute_sent a jugador 3 |
| 33:27 | Kevin FoJ · tribute_sent a jugador 4 |
| 33:27 | Kevin FoJ · tribute_sent a jugador 5 |
| 33:27 | Kevin FoJ · tribute_sent a jugador 6 |
| 33:27 | Kevin FoJ · tribute_sent a jugador 7 |
| 33:27 | Kevin FoJ · tribute_sent a jugador 8 |
| 33:55 | Grinchy · wall_segment Stone Wall x5 |
| 34:12 | InGodWeTrust · age_up imperial |
| 34:24 | Grinchy · wall_segment Stone Wall x1 |
| 34:25 | Grinchy · wall_segment Stone Wall x1 |
| 34:25 | Grinchy · wall_segment Stone Wall x1 |
| 34:31 | Grinchy · wall_segment Stone Wall x4 |
| 34:37 | Grinchy · first_building Stable |
| 34:48 | Grinchy · wall_segment Stone Wall x3 |
| 34:51 | Grinchy · wall_segment Stone Wall x5 |
| 34:55 | Grinchy · wall_segment Stone Wall x5 |
| 34:58 | Grinchy · wall_segment Stone Wall x6 |
| 35:02 | Grinchy · wall_segment Stone Wall x1 |
| 35:03 | Grinchy · wall_segment Stone Wall x1 |
| 35:05 | Grinchy · wall_segment Stone Wall x2 |
| 35:18 | Grinchy · wall_segment Stone Wall x5 |
| 35:27 | Grinchy · wall_segment Stone Wall x1 |
| 35:29 | Grinchy · wall_segment Stone Wall x1 |
| 35:30 | Grinchy · wall_segment Stone Wall x1 |
| 35:31 | Grinchy · wall_segment Stone Wall x1 |
| 35:36 | Grinchy · age_up imperial |
| 35:37 | Grinchy · wall_segment Stone Wall x1 |
| 35:38 | Grinchy · wall_segment Stone Wall x1 |
| 35:40 | Grinchy · wall_segment Stone Wall x1 |
| 35:41 | Grinchy · wall_segment Stone Wall x1 |
| 35:42 | Grinchy · wall_segment Stone Wall x1 |
| 35:59 | Grinchy · wall_segment Stone Wall x2 |
| 36:00 | Grinchy · wall_segment Stone Wall x1 |
| 36:06 | Grinchy · wall_segment Stone Wall x10 |
| 36:24 | Grinchy · wall_segment Stone Wall x1 |
| 36:25 | dinkydinks · first_building Castle |
| 36:35 | Grinchy · wall_segment Stone Wall x1 |
| 36:35 | Grinchy · wall_segment Stone Wall x1 |
| 36:36 | Grinchy · wall_segment Stone Wall x1 |
| 36:36 | Grinchy · wall_segment Stone Wall x1 |
| 36:37 | Grinchy · wall_segment Stone Wall x1 |
| 36:37 | dinkydinks · first_building Archery Range |
| 36:48 | Grinchy · wall_segment Stone Wall x8 |
| 36:50 | Grinchy · wall_segment Stone Wall x1 |
| 37:40 | Grinchy · wall_segment Stone Wall x1 |
| 37:41 | Grinchy · wall_segment Stone Wall x1 |
| 38:07 | InGodWeTrust · wall_segment Stone Wall x5 |
| 38:08 | InGodWeTrust · wall_segment Stone Wall x3 |
| 38:10 | InGodWeTrust · wall_segment Stone Wall x9 |
| 38:22 | Kevin FoJ · tribute_sent a jugador 2 |
| 38:22 | Kevin FoJ · tribute_sent a jugador 3 |
| 38:22 | Kevin FoJ · tribute_sent a jugador 4 |
| 38:22 | Kevin FoJ · tribute_sent a jugador 5 |
| 38:22 | Kevin FoJ · tribute_sent a jugador 6 |
| 38:22 | Kevin FoJ · tribute_sent a jugador 7 |
| 38:22 | Kevin FoJ · tribute_sent a jugador 8 |
| 38:26 | Grinchy · wall_segment Stone Wall x1 |
| 38:59 | Schafzuchter · tribute_sent a jugador 1 |
| 38:59 | Schafzuchter · tribute_sent a jugador 2 |
| 38:59 | Schafzuchter · tribute_sent a jugador 3 |
| 38:59 | Schafzuchter · tribute_sent a jugador 4 |
| 38:59 | Schafzuchter · tribute_sent a jugador 5 |
| 38:59 | Schafzuchter · tribute_sent a jugador 6 |
| 38:59 | Schafzuchter · tribute_sent a jugador 7 |
| 39:42 | Grinchy · first_building Castle |
| 39:44 | InGodWeTrust · wall_segment Stone Wall x1 |
| 39:54 | Kevin FoJ · first_market_sell 500 food |
| 40:24 | Mununez · first_building Monastery |
| 40:28 | dinkydinks · wall_segment Stone Wall x9 |
| 40:37 | Mununez · wall_segment Stone Wall x1 |
| 40:38 | Mununez · wall_segment Stone Wall x1 |
| 40:40 | Mununez · wall_segment Stone Wall x1 |
| 40:46 | Mununez · wall_segment Stone Wall x1 |
| 40:47 | Mununez · wall_segment Stone Wall x1 |
| 40:50 | Mununez · wall_segment Stone Wall x3 |
| 40:57 | Schafzuchter · tribute_sent a jugador 1 |
| 40:57 | Schafzuchter · tribute_sent a jugador 2 |
| 40:57 | Schafzuchter · tribute_sent a jugador 3 |
| 40:57 | Schafzuchter · tribute_sent a jugador 4 |
| 40:57 | Schafzuchter · tribute_sent a jugador 5 |
| 40:57 | Schafzuchter · tribute_sent a jugador 6 |
| 40:57 | Schafzuchter · tribute_sent a jugador 7 |
| 42:02 | comastar · wall_segment Stone Wall x13 |
| 42:05 | Schafzuchter · wall_segment Stone Wall x1 |
| 42:06 | Mununez · wall_segment Stone Wall x1 |
| 42:06 | Schafzuchter · wall_segment Stone Wall x1 |
| 42:08 | BalvinatoR · tribute_sent a jugador 1 |
| 42:08 | BalvinatoR · tribute_sent a jugador 2 |
| 42:08 | BalvinatoR · tribute_sent a jugador 3 |
| 42:08 | BalvinatoR · tribute_sent a jugador 4 |
| 42:08 | BalvinatoR · tribute_sent a jugador 5 |
| 42:08 | BalvinatoR · tribute_sent a jugador 6 |
| 42:08 | BalvinatoR · tribute_sent a jugador 8 |
| 42:08 | Mununez · wall_segment Stone Wall x1 |
| 42:09 | Mununez · wall_segment Stone Wall x1 |
| 42:27 | comastar · wall_segment Stone Wall x11 |
| 42:54 | Grinchy · tribute_sent a jugador 1 |
| 42:54 | Grinchy · tribute_sent a jugador 2 |
| 42:54 | Grinchy · tribute_sent a jugador 3 |
| 42:54 | Grinchy · tribute_sent a jugador 5 |
| 42:54 | Grinchy · tribute_sent a jugador 6 |
| 42:54 | Grinchy · tribute_sent a jugador 7 |
| 42:54 | Grinchy · tribute_sent a jugador 8 |
| 43:22 | comastar · wall_segment Stone Wall x6 |
| 43:29 | InGodWeTrust · first_market_sell 500 food |
| 43:48 | comastar · wall_segment Stone Wall x4 |
| 43:53 | comastar · wall_segment Stone Wall x1 |
| 43:57 | comastar · wall_segment Stone Wall x9 |
| 44:12 | comastar · wall_segment Stone Wall x8 |
| 44:16 | comastar · wall_segment Stone Wall x4 |
| 44:19 | comastar · wall_segment Stone Wall x5 |
| 44:36 | comastar · wall_segment Stone Wall x7 |
| 44:38 | comastar · wall_segment Stone Wall x16 |
| 44:44 | Mununez · first_building Siege Workshop |
| 46:14 | Grinchy · tribute_sent a jugador 1 |
| 46:14 | Grinchy · tribute_sent a jugador 2 |
| 46:14 | Grinchy · tribute_sent a jugador 3 |
| 46:14 | Grinchy · tribute_sent a jugador 5 |
| 46:14 | Grinchy · tribute_sent a jugador 6 |
| 46:14 | Grinchy · tribute_sent a jugador 7 |
| 46:14 | Grinchy · tribute_sent a jugador 8 |
| 46:38 | comastar · wall_segment Stone Wall x3 |
| 46:38 | BalvinatoR · tribute_sent a jugador 1 |
| 46:38 | BalvinatoR · tribute_sent a jugador 2 |
| 46:38 | BalvinatoR · tribute_sent a jugador 3 |
| 46:38 | BalvinatoR · tribute_sent a jugador 4 |
| 46:38 | BalvinatoR · tribute_sent a jugador 5 |
| 46:38 | BalvinatoR · tribute_sent a jugador 6 |
| 46:38 | BalvinatoR · tribute_sent a jugador 8 |
| 46:48 | dinkydinks · tribute_sent a jugador 1 |
| 46:48 | dinkydinks · tribute_sent a jugador 2 |
| 46:48 | dinkydinks · tribute_sent a jugador 3 |
| 46:48 | dinkydinks · tribute_sent a jugador 4 |
| 46:48 | dinkydinks · tribute_sent a jugador 5 |
| 46:48 | dinkydinks · tribute_sent a jugador 7 |
| 46:48 | dinkydinks · tribute_sent a jugador 8 |
| 46:55 | comastar · wall_segment Stone Wall x4 |
| 46:56 | comastar · wall_segment Stone Wall x6 |
| 46:58 | comastar · wall_segment Stone Wall x2 |
| 46:59 | comastar · wall_segment Stone Wall x2 |
| 47:01 | comastar · wall_segment Stone Wall x5 |
| 47:16 | comastar · wall_segment Stone Wall x4 |
| 47:21 | comastar · wall_segment Stone Wall x5 |
| 47:22 | comastar · wall_segment Stone Wall x6 |
| 47:52 | dinkydinks · tribute_sent a jugador 1 |
| 47:52 | dinkydinks · tribute_sent a jugador 2 |
| 47:52 | dinkydinks · tribute_sent a jugador 3 |
| 47:52 | dinkydinks · tribute_sent a jugador 4 |
| 47:52 | dinkydinks · tribute_sent a jugador 5 |
| 47:52 | dinkydinks · tribute_sent a jugador 7 |
| 47:52 | dinkydinks · tribute_sent a jugador 8 |
| 48:05 | dinkydinks · tribute_sent a jugador 1 |
| 48:05 | dinkydinks · tribute_sent a jugador 2 |
| 48:05 | dinkydinks · tribute_sent a jugador 3 |
| 48:05 | dinkydinks · tribute_sent a jugador 4 |
| 48:05 | dinkydinks · tribute_sent a jugador 5 |
| 48:05 | dinkydinks · tribute_sent a jugador 7 |
| 48:05 | dinkydinks · tribute_sent a jugador 8 |
| 49:00 | comastar · wall_segment Stone Wall x3 |
| 49:14 | comastar · wall_segment Stone Wall x2 |
| 50:12 | InGodWeTrust · wall_segment Stone Wall x13 |
| 50:39 | InGodWeTrust · wall_segment Stone Wall x6 |
| 51:49 | InGodWeTrust · wall_segment Stone Wall x3 |
| 52:02 | Mununez · wall_segment Stone Wall x1 |
| 52:17 | Grinchy · resign |
[ AI ANALYSIS · 1 CREDIT ]
What really happened in this match?
Wolo.gg analyzes every decision: build order, eco, micro, common mistakes by bracket. Personalized analysis on WhatsApp or Discord in 30 seconds.
Civ guide
Berbers
Perfil
Jugador #2121463